 Dungeon Crawl Stone Soup version 0.25.0-1-g7eea58d (webtiles) character file.

Game seed: 9385580271185338532

15 auberdahn the Bolt Thrower (level 2, 0/16 HPs)
             Began as a Kobold Arcane Marksman on June 17, 2020.
             Succumbed to an adder's poison
             ... on level 2 of the Dungeon.
             The game lasted 00:01:07 (837 turns).

auberdahn the Bolt Thrower (Kobold Arcane Marksman)  Turns: 837, Time: 00:01:08

Health: 0/16       AC:  2    Str:  4 (7)  XL:     2   Next: 65%
Magic:  3/3        EV: 15    Int: 11 (14) God:
Gold:   34         SH:  0    Dex: 13 (15) Spells: 2/3 levels left

rFire    . . .     SeeInvis .   b - +2 dagger (venom)
rCold    . . .     Gourm    .   (shield restricted)
rNeg     . . .     Faith    .   e - +0 robe
rPois    .         Spirit   .   (no helmet)
rElec    .         Reflect  .   (no cloak)
rCorr    .         Harm     .   (no gloves)
MR       .....                  (no boots)
Stlth    +.........             (no amulet)
HPRegen  0.05/turn              (no ring)
MPRegen  0.08/turn              (no ring)

@: mighty, lethally poisoned (0 -> -14), hasted, very quick
A: small, carnivore
a: no special abilities


You were on level 2 of the Dungeon.
You were completely stuffed.

You visited 1 branch of the dungeon, and saw 2 of its levels.

You collected 34 gold pieces.

Inventory:

Hand Weapons
 a - a +0 hand crossbow
 b - a +2 dagger of venom (weapon)
 m - a +0 dagger
Missiles
 d - 18 bolts
Armour
 e - a +0 robe (worn)
Scrolls
 c - a scroll of remove curse {unknown}
 h - 2 scrolls of identify {unknown}
 k - a scroll of noise {unknown}
 l - a scroll of teleportation {unknown}
 o - a scroll of fear {unknown}
Comestibles
 f - 3 rations {!d}
 n - 3 chunks of flesh


   Skills:
 + Level 1.5 Fighting
 * Level 3.2 Crossbows
 + Level 2.7 Dodging
 - Level 1.1 Spellcasting
 - Level 3.0 Hexes


You had 2 spell levels left.
You knew the following spells:

 Your Spells              Type           Power        Failure   Level  Hunger
a - Corona                Hex            #......      10%         1    ##.....

Your spell library contained the following spells:

 Spells                   Type           Power        Failure   Level  Hunger
 Slow                     Hex            #.......     14%         2    ###....
 Inner Flame              Hex/Fire       #.......     45%         3    ####...
 Portal Projectile        Hex/Tloc       #.....       45%         3    ####...
 Cause Fear               Hex            #.........   67%         4    #####..
 Leda's Liquefaction      Hex/Erth       #.........   86%         4    #####..


Dungeon Overview and Level Annotations

Branches:
Dungeon (2/15)

Altars:


Innate Abilities, Weirdness & Mutations

You are small and have problems with some larger weapons.
You are carnivorous and can eat meat at any time.


Message History

You are too injured to fight recklessly!
* * * LOW HITPOINT WARNING * * *
You feel sick. The adder bites you but does no damage.
* * * LOW HITPOINT WARNING * * *
You feel sick.
* * * LOW HITPOINT WARNING * * *
You feel sick.
It was a potion of haste.
You feel yourself speed up.
* * * LOW HITPOINT WARNING * * *
You feel sick. The adder closely misses you. The adder bites you.
* * * LOW HITPOINT WARNING * * *
You are more poisoned.
The adder poisons you!
It was a potion of might.
You feel very mighty all of a sudden. The adder closely misses you.
It was a potion of degeneration.
There was something very wrong with that liquid.
You feel weakened.
You feel dopey.
You feel clumsy.
You die...

##.##
..#####.#.########
#......###.......#
.....##.#.##.###.#
####
##.###.###.#####.#
#.# #............
#.# #.###.####.#
#.# #.# #.# # #.#
#.# #@# .# #.#
#.###S###.#... #.#
#.#..hh[...... #.#
#.#.##.#.###.S
#.#. #h..# . #...#
w# #).... #.
#..##.( $ #..#
....


You could see a worm, an adder and 3 jackals.

Vanquished Creatures
  A ball python (D:1)
  A goblin (D:1)
  A hobgoblin (D:1)
  2 kobolds (D:1)
  6 bats
  A frilled lizard (D:1)
  4 rats (D:1)
16 creatures vanquished.

Notes
Turn   | Place    | Note
-------+----------+-------------------------------------------
     0 | D:1      | auberdahn the Kobold Arcane Marksman began the quest for
                  | the Orb.
     0 | D:1      | Reached XP level 1. HP: 12/12 MP: 2/2
    78 | D:1      | Reached XP level 2. HP: 16/16 MP: 3/3
   837 | D:2      | Succumbed to an adder's poison

Illustrated notes

Levels and vault maps discovered:
D:1:      erik_arrival_orb_chamber, layout_basic, ebering_dispersal_statue_hall
D:2:      layout_loops_ring

Skill      XL: |  1  2 |
---------------+-------+-----
Crossbows      | 3 |  3.2
Fighting       | |  1.5
Dodging        | |  2.7
Spellcasting   | |  1.1
Hexes          | |  3.0

Action                   || total
-------------------------++-------
Melee: Dagger            ||    40
 Fire: Hand crossbow     ||    16
  Use: Potion            ||     3
  Eat: Chunk             ||     8
Armor: Robe              ||    22
Dodge: Dodged            ||    57
